 Dungeon Crawl Stone Soup version 0.32-a0-350-g4f4d228785 (webtiles) character file.

Game seed: 15991205750622221645

211 n00bmints the Cudgeller (level 5, -4/47 HPs)
             Began as a Minotaur Berserker on Feb 17, 2024.
             Was a Believer of Trog.
             Slain by an orc
             ... wielding a +0 hand axe
              (5 damage)
             ... on level 4 of the Dungeon.
             The game lasted 00:06:00 (3049 turns).

n00bmints the Cudgeller (Minotaur Berserker)        Turns: 3049, Time: 00:06:02

Health: -4/47      AC:  7    Str: 24    XL:     5   Next: 57%
Magic:  4/4        EV: 10    Int:  4    God:    Trog [**....]
Gold:   164        SH:  0    Dex:  9    Spells: 4/4 levels left

rFire   . . .        a - +0 mace
rCold   . . .        (no shield)
rNeg    + . .        k - +0 scale mail
rPois   .            (helmet restricted)
rElec   .            (no cloak)
rCorr   .            (no gloves)
SInv    .            (no boots)
Will    ++...        (no amulet) Stlth
                     i - ring of positive energy
HPRegen 1.27/turn    (no ring)
MPRegen 0.09/turn

%: no passive effects
@: lethally poisoned (-4 -> -6), strong-willed, regenerating
A: horns 2, retaliatory headbutt
a: Renounce Religion, Berserk, Trog's Hand


You were on level 4 of the Dungeon.
You worshipped Trog.
Trog was pleased with you.
You visited 1 branch of the dungeon, and saw 4 of its levels.

You collected 164 gold pieces.

Inventory:

Hand Weapons
 a - a +0 mace (weapon)
Armour
 k - a +0 scale mail (worn)
Jewellery
 i - a ring of positive energy (left hand)
Scrolls
 b - a scroll of enchant armour {unknown}
 d - a scroll of teleportation {unknown}
 e - 2 scrolls of fog {unknown}
 h - 3 scrolls of identify {unknown}
Potions
 c - a potion of invisibility {unknown}
 f - a potion of berserk rage {unknown}
 g - 2 potions of brilliance {unknown}
 j - a potion of curing {unknown}


   Skills:
 + Level 4.7 Fighting
 + Level 5.0 Maces & Flails
 + Level 4.2 Armour
 + Level 3.2 Dodging
 + Level 1.0 Stealth


You had 4 spell levels left.
You didn't know any spells.
Your spell library was empty.

Dungeon Overview and Level Annotations

Branches:
Dungeon (4/15)
 Temple: D:4-7

Altars:
Gozag
Ru
Sif Muna


Innate Abilities, Weirdness & Mutations

You have a pair of horns on your head.
You reflexively headbutt those who attack you in melee.


Message History

The jackal bites you but does no damage.
The jackal barely misses you. You furiously retaliate!
You headbutt the jackal!
You kill the jackal!
Trog accepts your kill.
The jackal pauses to sniff the ground.
The jackal barely misses you.
The jackal bites you but does no damage.
The goblin hits you but does no damage. The jackal closely misses you.
The goblin hits you but does no damage.
Your skin stops crawling.
You feel less strong-willed. The jackal attacks as it pursues you!
The jackal barely misses you. You furiously retaliate!
You headbutt the jackal.
The scorpion stings you but does no damage.
The jackal closely misses you. The scorpion attacks as it pursues you!
The scorpion stings you but does no damage.
The orc wizard gestures wildly while chanting.
The orc wizard flickers and vanishes!
The scorpion stings you.
You are poisoned.
The scorpion poisons you!
You feel very sick.
The jackal bites you but does no damage.
Your skin crawls.
You feel strong-willed.
You feel very sick. The jackal barely misses you.
The scorpion barely misses you. The jackal bites you.
* * * LOW HITPOINT WARNING * * *
You feel sick. The scorpion attacks as it pursues you! The scorpion stings you.
* * * LOW HITPOINT WARNING * * *
You are lethally poisoned!
The scorpion poisons you!
You barely miss the scorpion.
* * * LOW HITPOINT WARNING * * *
You feel very sick.
The jackal bites you but does no damage.
The scorpion stings you but does no damage.
The jackal bites you but does no damage.
The scorpion closely misses you. The orc hits you with a +0 hand axe.
You die...

##..#.##........#.#.
.............)......
##..##.###.....#.#.#
...................
###..##.##......#.###
=##............h....
.###.##.†#....hh#.#
<....o...o....gs@.#
#####o#########o..#
..... ###..# ###.###
...# #.# ..... #+#
##...# ..... .....


You could see a scorpion, 2 orcs, 3 jackals and a goblin.

Vanquished Creatures
  8 adders
  2 dart slugs
  A ribbon worm (D:2)
  9 orcs
  7 endoplasms
  3 giant cockroaches
  6 goblins
  7 hobgoblins
  4 jackals
  6 kobolds
  A quokka (D:2)
  4 ball pythons
  4 bats
  4 frilled lizards
  5 rats
71 creatures vanquished.

Notes
Turn   | Place    | Note
-------+----------+-------------------------------------------
     0 | D:1      | n00bmints the Minotaur Berserker began the quest for the
                  | Orb.
     0 | D:1      | Reached XP level 1. HP: 19/19 MP: 0/0
   340 | D:1      | Reached XP level 2. HP: 27/27 MP: 1/1
   415 | D:1      | Reached skill level 4 in Maces & Flails
   605 | D:2      | Found a faded altar of an unknown god.
   637 | D:2      | Reached XP level 3. HP: 33/34 MP: 2/2
   748 | D:2      | Reached ** piety under Trog
   751 | D:2      | Reached XP level 4. HP: 41/41 MP: 3/3
  1034 | D:2      | Found a sacrificial altar of Ru.
  1707 | D:3      | Found an opulent altar of Gozag.
  1983 | D:3      | Reached XP level 5. HP: 47/47 MP: 4/4
  2754 | D:3      | Found a shimmering blue altar of Sif Muna.
  3006 | D:4      | Reached skill level 1 in Stealth
  3022 | D:4      | Reached skill level 5 in Maces & Flails
  3049 | D:4      | HP: 1/47 [poisoned by a scorpion]
  3049 | D:4      | Slain by an orc

Illustrated notes

Levels and vault maps discovered:
D:1:      erik_arrival_orb_chamber, layout_loops_ring
D:2:      layout_loops_ring, basic_altar, ebering_ecumenical_altar_abandoned,
          serial_forest, infiniplex_forest_clump_C,
          infiniplex_forest_straight_5, infiniplex_forest_end_2,
          infiniplex_forest_straight_2, infiniplex_forest_clump_medium,
          infiniplex_forest_end_2, infiniplex_forest_end_2, minmay_hexomino_r4
D:3:      layout_basic, nicolae_overflow_hidden_temple, grunt_gozag_statues,
          nicolae_hexahallways, minmay_fractal_squares_gapless_5
D:4:      layout_basic, marbit_many_paths, bloody_makhleb, cheibriados_altar_1

Skill      XL: |  1  2  3  4  5 |
---------------+----------------+-----
Fighting       | 4 |  4.7
Maces & Flails | 4 5 |  5.0
Armour         | 3 4 |  4.2
Dodging        | 3 |  3.2
Stealth        | 1 |  1.0

Action                     |  1- 3 |  4- 6 || total
---------------------------+-------+-------++-------
  Melee: Mace              |    47 |   113 ||   160
         Headbutt          |     4 |    14 ||    18
 Invoke: Berserk           |     1 |       ||     1
         Trog's Hand       |       |     3 ||     3
 Armour: Animal skin       |     4 |       ||     4
         Ring mail         |    21 |    22 ||    43
         Scale mail        |       |    94 ||    94
  Dodge: Dodged            |    39 |    77 ||   116

Table legend: (Time is in decaauts)
 A = Elapsed time spent in this place.
 B = Non-inter-level travel time spent in this place.
 C = Inter-level travel time spent in this place.
 D = Time resting spent in this place.
 E = Time spent auto-exploring this place.
 F = Levels seen in this place.
 G = Mean time per level.
                   A        B        C        D        E       F      G
               +--------+--------+--------+--------+--------+-----+--------+
         Total |   3081 |   2900 |    181 |      0 |   2146 |   4 |  770.2 |
       Dungeon |   3081 |   2900 |    181 |      0 |   2146 |   4 |  770.2 |
               +--------+--------+--------+--------+--------+-----+--------+

Top non-repeatable levels by time:
     D:3: 1302 daAuts
     D:2: 1123 daAuts
     D:1: 604 daAuts
     D:4: 51 daAuts
